 Seeded DCSS version 0.30.1-11-g7821555f0a (webtiles) character file.

Game seed: 6351066067085065685 (custom seed)

16231 Esekla the Thaumaturge (level 12, -11/67 HPs)
             Began as a Deep Elf Wanderer on Nov 9, 2023.
             Was a High Priest of Vehumet.
             Hit by a large rock thrown by a cyclops (41 damage)
             ... on level 14 of the Dungeon on Nov 10, 2023.
             The game lasted 01:48:30 (10141 turns).

Esekla the Thaumaturge (Deep Elf Wanderer)         Turns: 10141, Time: 01:48:30

Health: -11/67     AC:  9    Str: 11    XL:     12   Next: 8%
Magic:  36/41      EV: 15    Int: 24    God:    Vehumet [*****.]
Gold:   119        SH:  4    Dex: 14    Spells: 18/40 levels left

rFire   . . .        s - +5 rapier of the Hero {heavy, rN+ Dex+3}
rCold   . . .        d - +0 buckler
rNeg    + . .        p - +0 steam dragon scales
rPois   .            M - +1 helmet
rElec   .            F - +0 cloak
rCorr   .            k - +0 pair of gloves
SInv    .            (no boots)
Will    +....        w - amulet of magic regeneration
Stlth   ++           l - ring of magical power
HPRegen 0.31/turn    P - ring of the Mage {Wiz Archmagi}
MPRegen 0.67/turn

%: wizardry (x1), archmagi
@: studying Fighting
A: no striking features
a: Renounce Religion


You were on level 14 of the Dungeon.
You worshipped Vehumet.
Vehumet was extremely pleased with you.
You visited 2 branches of the dungeon, and saw 14 of its levels.
You also visited: Bailey.

You collected 833 gold pieces.
You spent 714 gold pieces at shops.

Inventory:

Hand Weapons
 a - a +2 vampiric dagger
 c - a +5 scimitar
 r - a +4 trident of venom
 s - the +5 rapier of the Hero (weapon) {heavy, rN+ Dex+3}
   (You found it on level 3 of the Dungeon)

   Dex:       It affects your dexterity (+3).
   rN:        It protects you from negative energy.
Missiles
 A - 40 poisoned darts (quivered)
 K - 5 curare-tipped darts
 N - 7 boomerangs
Armour
 d - a +0 buckler (worn)
 k - a +0 pair of gloves (worn)
 p - +0 steam dragon scales (worn)
 F - a +0 cloak (worn)
 M - a +1 helmet (worn)
Jewellery
 l - a ring of magical power (left hand)
 w - an amulet of magic regeneration (around neck)
 L - an amulet of reflection
 P - the ring of the Mage (right hand) {Wiz Archmagi}
   (You bought it in a shop on level 2 of the Dungeon)

   [ring of wizardry]

   It improves your spell success rate.
   Archmagi:  It increases the power of your magical spells.
Wands
 x - a wand of flame (11)
 z - a wand of roots (13)
 H - a wand of mindburst (7)
 J - a wand of charming (6)
 Q - a wand of digging (9)
Scrolls
 g - 2 scrolls of acquirement
 n - a scroll of enchant armour
 o - 2 scrolls of amnesia
 q - 5 scrolls of blinking {unknown}
 u - 2 scrolls of silence
 v - a scroll of magic mapping
 y - 2 scrolls of fog
 B - 4 scrolls of enchant weapon {unknown}
 D - 2 scrolls of fear
 E - 3 scrolls of teleportation
 G - 2 scrolls of poison
 I - 3 scrolls of noise {unknown}
 O - a scroll of identify
Potions
 b - 3 potions of lignification
 e - 3 potions of ambrosia {unknown}
 f - 6 potions of attraction
 h - a potion of heal wounds
 i - 6 potions of curing
 j - 5 potions of haste {unknown}
 m - 2 potions of mutation
 t - 5 potions of brilliance {unknown}
 C - a potion of cancellation {unknown}
 R - a potion of degeneration {unknown}


   Skills:
 * Level 4.5 Fighting
 + Level 3.0 Short Blades
 + Level 2.8 Throwing
 * Level 8.4 Dodging
 + Level 2.8 Stealth
 + Level 2.5 Shields
 * Level 14.8 Spellcasting
 * Level 5.0 Conjurations
 * Level 8.4 Necromancy
 + Level 4.8 Translocations
 + Level 2.3 Transmutations
 * Level 4.5 Fire Magic
 + Level 4.3 Air Magic
 * Level 3.7 Earth Magic
 + Level 5.8 Poison Magic
 + Level 1.0 Invocations
 + Level 0.3 Evocations


You had 18 spell levels left.
You knew the following spells:

 Your Spells              Type           Power      Damage    Failure   Level
a - Magic Dart            Conj           100%       1d8       1%          1
b - Blink                 Tloc           100%       N/A       1%          2
c - Mephitic Cloud        Conj/Pois/Air  58%        N/A       1%          3
d - Vampiric Draining     Necr           73%        2d11      1%          3
f - Fireball              Conj/Fire      28%        3d12      2%          5
n - Ignite Poison         Fire/Tmut/Pois 54%        N/A       1%          3
p - Apportation           Tloc           100%       N/A       1%          1
x - Olgreb's Toxic Radia  Pois           62%        N/A       1%          4

Your spell library contained the following spells:

 Spells                   Type           Power      Damage    Failure   Level
 Flame Wave               Conj/Fire      57%        2d14      1%          4
 Lesser Beckoning         Tloc           100%       N/A       1%          2
 Gell's Gravitas          Tloc           58%        N/A       1%          3
 Hailstorm                Conj/Ice       44%        3d10      1%          3
 Spider Form              Tmut/Pois      54%        N/A       1%          3
 Teleport Other           Tloc           58%        N/A       1%          3
 Cause Fear               Hex            13%        N/A       17%         4
 Summon Mana Viper        Hex/Summ       26%        N/A       43%         5


Dungeon Overview and Level Annotations

Branches:
Dungeon (12/15)            Temple (0/1) D:6            Lair (0/5) D:11
    Orc (1/2) D:10         Bailey (visited)

Altars:
Dithmenos
Fedhas
Hepliaklqana
Nemelex Xobeh
Okawaru
Qazlal
Ru
Trog
Uskayaw
Vehumet
Zin
The Shining One

Shops:
D:2 =   D:4 (   D:11 *

Annotations:
D:4 gnoll bouda & friends
D:7 Joseph
D:9 Harold


Message History

Casting: Ignite Poison (safe; 1% risk of failure)
Confirm with . or Enter, or press ? or * to list all spells.
You feel a surge of power!
You begin to radiate toxic energy.
The deep elf pyromancer is poisoned.
The deep elf pyromancer mumbles some strange words.
The deep elf pyromancer looks even sicker.
Casting: Olgreb's Toxic Radiance (dangerous; 1% risk of failure)
Confirm with . or Enter, or press ? or * to list all spells.
You feel a surge of power!
You ignite the poison in your surroundings!
The deep elf pyromancer seems to burn from within!!
You kill the deep elf pyromancer!
Vehumet accepts your kill.
You feel your power returning.
The fire elemental disappears in a puff of smoke!
Your Conjurations skill increases to level 5!
Your toxic aura wanes.
A cyclops comes into view.
The cyclops shouts!
The cyclops throws a large rock.
The large rock hits you!
Casting: Ignite Poison (safe; 1% risk of failure)
Confirm with . or Enter, or press ? or * to list all spells.
You feel a surge of power!
You begin to radiate toxic energy.
The cyclops is poisoned.
The cyclops looks even sicker.
The cyclops throws a large rock.
The large rock hits you!!
Casting: Olgreb's Toxic Radiance (dangerous; 1% risk of failure)
Confirm with . or Enter, or press ? or * to list all spells.
Aiming: Mephitic Cloud (safe; 1% risk of failure)
Press: ? - help, Shift-Dir - straight line, f - cyclops
Aim: a cyclops, quivering large rocks (lightly wounded, very poisoned, chance to affect: 58%)
You feel a surge of power!
The ball explodes into a vile cloud!
The stinking cloud engulfs the cyclops but does no damage.
The cyclops is lightly wounded.
The cyclops looks even sicker.
Your toxic aura wanes.
You hear a shout! x2
The cyclops is engulfed in noxious fumes.
The cyclops throws a large rock.
The large rock hits you!!!
Ouch! That really hurt!
You die...

#.# #.##.# # #.##
#.##.# # #..# ##+##..
. ##.# ##...### #
###.# #.....# ##.#.#
.......##
##....###.........###
##.....)○C.........'..
#....@.###.§.......###
#.##...# .......##
#.##...# #.....#
#.##..## ##...#
#.##..# ##+# #.##..#
#.....# ####... ####


You could see a cyclops (very poisoned).

Vanquished Creatures
  2 two-headed ogres
  Lodul (D:11)
  Pikel (D:6)
  3 orc knights
  A deep elf pyromancer (D:14)
  3 cyclopes
  A rime drake (D:11)
  A kobold demonologist (D:9)
  A polar bear (D:11)
  3 trolls
  3 centaur simulacra (D:11)
  9 yaks
  A basilisk (D:11)
  2 steam dragons
  3 wyverns
  Menkaure (D:7)
  6 ice beasts
  A sky beast (D:6)
  12 orc warriors
  2 black bears
  9 ogres
  2 centaurs
  7 wolves
  A phantom (D:7)
  3 lemures (D:6)
  Blork the orc (D:6)
  4 kobold brigands
  4 gnoll sergeants
  2 bullfrogs
  2 scorpions (D:5)
  10 wights
  18 killer bees
  2 howler monkeys (D:10)
  An electric eel (D:11)
  2 quasits
  5 hounds
  A jelly (D:6)
  Crazy Yiuf (D:7)
  7 orc priests
  2 gnoll boudas
  4 iguanas
  A sleepcap (D:5)
  10 orc wizards
  30 gnolls
  9 adders
  3 shadow imps (D:8)
  7 white imps
  4 ufetubi
  A worm (D:4)
  3 dart slugs
  56 orcs
  4 endoplasms
  9 goblins
  7 hobgoblins
  A quokka (D:1)
  6 ball pythons
  4 bats
  4 frilled lizards
  21 kobolds
  A rat (D:2)
326 creatures vanquished.

Notes
Turn   | Place    | Note
-------+----------+-------------------------------------------
     0 | D:1      | Esekla the Deep Elf Wanderer began the quest for the Orb.
     0 | D:1      | Esekla set off with the following items: a +0 club, a
                  | potion of lignification, a +0 robe, a +0 buckler; and the
                  | following spells available to memorise: Apportation, Blink,
                  | Lesser Beckoning, Magic Dart, Ignite Poison, Vampiric
                  | Draining.
     0 | D:1      | Reached XP level 1. HP: 10/10 MP: 7/7
     2 | D:1      | Learned a level 1 spell: Magic Dart
     4 | D:1      | Learned a level 1 spell: Apportation
   224 | D:2      | Found Renulab's Jewellery Shop.
   491 | D:4      | Found a radiant altar of Vehumet.
   499 | D:4      | Found an iron altar of Okawaru.
   510 | D:4      | Found a glowing silver altar of Zin.
   597 | D:4      | Became a worshipper of Vehumet
   793 | D:3      | Reached skill level 1 in Necromancy
   793 | D:3      | Reached XP level 2. HP: 15/15 MP: 9/9
   796 | D:3      | Learned a level 2 spell: Blink
  1166 | D:3      | Identified the +5 rapier of the Hero {heavy, rN+ Dex+3}
  1247 | D:2      | Reached skill level 5 in Spellcasting
  1361 | D:1      | Reached XP level 3. HP: 7/19 MP: 11/11
  1366 | D:1      | Learned a level 3 spell: Ignite Poison
  1370 | D:1      | Learned a level 3 spell: Vampiric Draining
  1406 | D:1      | Reached skill level 1 in Dodging
  1411 | D:1      | Reached * piety under Vehumet
  1411 | D:1      | Offered knowledge of Shock by Vehumet.
  1998 | D:3      | Found a stormy altar of Qazlal.
  2011 | D:3      | Reached XP level 4. HP: 20/24 MP: 10/13
  2036 | D:3      | Found a hazy altar of Hepliaklqana.
  2051 | D:3      | Reached skill level 6 in Spellcasting
  2124 | D:3      | Found a bloodstained altar of Trog.
  2268 | D:2      | Noticed a black bear
  2373 | D:5      | Entered Level 5 of the Dungeon
  2376 | D:5      | Got the Parchment of the Lumpy Olives
  2406 | D:5      | Found a shadowy altar of Dithmenos.
  2609 | D:5      | Reached XP level 5. HP: 28/28 MP: 15/15
  2682 | D:4      | Found a glowing golden altar of the Shining One.
  2929 | D:2      | Found a faded altar of an unknown god.
  3259 | D:4      | Found Ponaysk's Antique Weapon Boutique.
  3499 | D:4      | Reached skill level 7 in Spellcasting
  3655 | D:4      | Reached ** piety under Vehumet
  3655 | D:4      | Offered knowledge of Foxfire by Vehumet.
  3670 | D:4      | Reached XP level 6. HP: 32/32 MP: 14/18
  3793 | D:5      | Reached skill level 1 in Short Blades
  3793 | D:5      | Reached skill level 1 in Conjurations
  4020 | D:5      | Reached skill level 8 in Spellcasting
  4020 | D:5      | Reached XP level 7. HP: 35/36 MP: 18/20
  4183 | D:5      | Reached skill level 1 in Throwing
  4365 | D:6      | Found a blossoming altar of Fedhas.
  4439 | D:6      | Reached skill level 9 in Spellcasting
  4454 | D:6      | Found a staircase to the Ecumenical Temple.
  4681 | D:6      | Reached XP level 8. HP: 26/41 MP: 9/23
  4860 | D:7      | Found a runed translucent door.
  4861 | D:7      | Noticed Crazy Yiuf
  4866 | D:7      | Killed Crazy Yiuf
  4866 | D:7      | Offered knowledge of Mephitic Cloud by Vehumet.
  4877 | D:7      | Learned a level 3 spell: Mephitic Cloud
  4950 | D:7      | Reached skill level 5 in Necromancy
  5046 | D:7      | Noticed Menkaure
  5052 | D:7      | Killed Menkaure
  5053 | D:7      | Reached skill level 1 in Air Magic
  5053 | D:7      | Reached skill level 1 in Poison Magic
  5117 | D:7      | Reached *** piety under Vehumet
  5248 | D:7      | Reached skill level 10 in Spellcasting
  5305 | D:7      | Reached skill level 5 in Dodging
  5394 | D:6      | Noticed Pikel
  5417 | D:6      | Killed Pikel
  5418 | D:6      | Reached XP level 9. HP: 23/45 MP: 13/25
  5614 | D:6      | Noticed Blork the orc
  5624 | D:6      | Killed Blork the orc
  5875 | D:7      | Noticed Joseph
  5949 | D:7      | Reached skill level 11 in Spellcasting
  6095 | D:8      | Offered knowledge of Dazzling Flash by Vehumet.
  6303 | D:8      | Noticed a two-headed ogre
  6311 | D:8      | Killed a two-headed ogre
  6312 | D:8      | Reached skill level 1 in Fire Magic
  6411 | D:8      | Reached **** piety under Vehumet
  6420 | D:8      | Offered knowledge of Olgreb's Toxic Radiance by Vehumet.
  6432 | D:8      | Found a hide-covered altar of Uskayaw.
  6473 | D:8      | Learned a level 4 spell: Olgreb's Toxic Radiance
  6702 | D:8      | Found a transporter.
  6703 | D:8      | Found a transporter.
  6705 | D:8      | Found a transporter.
  6706 | D:8      | Found a transporter.
  7113 | D:9      | Found a flagged portal.
  7134 | Bailey   | Entered a bailey
  7154 | Bailey   | Reached XP level 10. HP: 29/50 MP: 27/27
  7349 | Bailey   | Noticed an orc knight
  7349 | Bailey   | Noticed an orc knight
  7355 | Bailey   | Killed an orc knight
  7355 | Bailey   | Killed an orc knight
  7356 | Bailey   | Reached skill level 12 in Spellcasting
  7356 | Bailey   | Reached skill level 1 in Transmutations
  7362 | Bailey   | Identified the +2 bardiche of Puhoisos {heavy, rElec
                  | Stlth+}
  7700 | D:9      | Noticed a sixfirhy
  7716 | D:9      | Reached ***** piety under Vehumet
  7718 | D:9      | Offered knowledge of Fireball by Vehumet.
  7719 | D:9      | Reached skill level 1 in Fighting
  7740 | D:9      | Learned a level 5 spell: Fireball
  7795 | D:9      | Found a sparkling altar of Nemelex Xobeh.
  7842 | D:9      | Noticed a two-headed ogre
  7851 | D:9      | Killed a two-headed ogre
  8015 | D:9      | Noticed Harold
  8042 | D:9      | Noticed a cyclops
  8049 | D:9      | Killed a cyclops
  8050 | D:9      | Reached skill level 1 in Earth Magic
  8082 | D:9      | Noticed a cyclops
  8098 | D:9      | Reached XP level 11. HP: 29/59 MP: 6/29
  8318 | D:10     | Entered Level 10 of the Dungeon
  8329 | D:10     | Reached skill level 13 in Spellcasting
  8489 | D:10     | Found a sacrificial altar of Ru.
  8885 | D:10     | Found a staircase to the Orcish Mines.
  8897 | Orc:1    | Entered Level 1 of the Orcish Mines
  8898 | Orc:1    | Noticed an orc knight
  8903 | Orc:1    | Reached skill level 5 in Poison Magic
  8906 | Orc:1    | Killed an orc knight
  9217 | D:2      | Bought the ring of the Mage {Wiz Archmagi} for 714 gold
                  | pieces
  9217 | D:2      | Found the ring of the Mage {Wiz Archmagi}
  9524 | D:11     | Noticed Lodul
  9530 | D:11     | Killed Lodul
  9672 | D:11     | Reached skill level 14 in Spellcasting
  9744 | D:11     | Found a staircase to the Lair.
  9871 | D:11     | Got Simple Magic
  9888 | D:11     | Reached XP level 12. HP: 67/67 MP: 32/32
  9934 | D:11     | Found Fagafuf's Pet Rocks.
  9978 | D:11     | Offered knowledge of Flame Wave by Vehumet.
 10059 | D:11     | You fall into a shaft and drop 3 floors!
 10134 | D:14     | Reached skill level 5 in Conjurations
 10141 | D:14     | Hit by a large rock thrown by a cyclops

Illustrated notes

Levels and vault maps discovered:
D:1:      sevenhm_arrival_forest_fort_small_3, layout_rooms,
          chequers_serial_rivers_room_b, minmay_misc_feat_five
D:2:      layout_loops_ring, dreamdust_ecumenical_altar_angels_and_demons,
          serial_shops, shop
D:3:      layout_basic, grunt_temple_overflow_open, minmay_misc_feat_iff
D:4:      layout_basic, nicolae_overflow_quartered_altars, serial_shops,
          nicolae_diamond_shop
D:5:      layout_loops_ring, lemuel_doored_altar, minmay_misc_feat_rows,
          dreamdust_wishing_well
D:6:      layout_loops_cross, fedhas_altar_fruit_tree,
          minmay_temple_entry_glass, uniq_pikel, uniq_blork_the_orc
D:7:      layout_basic, uniq_menkaure, uniq_joseph, uniq_crazy_yiuf_cottage
D:8:      layout_basic, nicolae_uskayaw_dance_hall, serial_demonic,
          serial_demonic_d, serial_demonic_a, serial_demonic_c,
          serial_demonic_c, nicolae_diode_quadrants
D:9:      layout_irregular_city, kennysheep_little_box, enter_bailey_4,
          minmay_between, uniq_harold
D:10:     layout_basic, nicolae_ru_awakened_eye
D:11:     layout_rooms, hellmonk_lair_entry_icy, serial_ice, serial_ice_j,
          serial_ice_m, serial_ice_o, serial_ice_c, serial_ice_g, serial_ice_f,
          guppyfry_shop_earth, uniq_psyche, uniq_lodul
D:12:     layout_roguey, nicolae_trove_entry_crossroad
D:14:     nzn_winding_woodlands_large [nzn_winding_woodlands_5x5_checkerboard,
          nzn_winding_woodlands_5x15_longhouse,
          nzn_winding_woodlands_5x5_default,
          nzn_winding_woodlands_center_garden,
          nzn_winding_woodlands_15x15_five_gardens,
          nzn_winding_woodlands_center_lodge, nzn_winding_woodlands_5x5_default,
          nzn_winding_woodlands_5x15_crooked, nzn_winding_woodlands_5x5_three],
          layout_loops_corners
Orc:1:    layout_caves

Skill      XL: |  1  2  3  4  5  6  7  8  9 10 11 12 |
---------------+-------------------------------------+-----
Necromancy     | 1 2 3 4 6 7 8 |  8.4
Spellcasting   | 5 6 7 8 9 10 11 12 14 | 14.8
Dodging        | 1 2 3 5 6 7 8 |  8.4
Short Blades   | 1 2 3 |  3.0
Conjurations   | 1 2 3 4 5 |  5.0
Translocations | 3 4 |  4.8
Stealth        | 2 |  2.8
Throwing       | 1 2 |  2.8
Shields        | 2 |  2.5
Air Magic      | 2 3 4 |  4.3
Poison Magic   | 2 4 5 |  5.8
Fire Magic     | 1 3 4 |  4.5
Transmutations | 1 2 |  2.3
Fighting       | 2 4 |  4.5
Earth Magic    | 1 3 |  3.7
Invocations    | |  1.0
Evocations     | |  0.3

Action                     |  1- 3 |  4- 6 |  7- 9 | 10-12 || total
---------------------------+-------+-------+-------+-------++-------
  Melee: Short sword       |    73 |    12 |       |       ||    85
         Rapier            |       |    32 |   104 |    48 ||   184
         Dagger            |       |    36 |    20 |       ||    56
  Throw: Dart              |       |     6 |    64 |    19 ||    89
   Cast: Apportation       |    28 |    27 |    54 |    32 ||   141
         Magic Dart        |    54 |    37 |    55 |    31 ||   177
         Vampiric Draining |     2 |    26 |    28 |    28 ||    84
         Blink             |     1 |     3 |    10 |     3 ||    17
         Mephitic Cloud    |       |       |    29 |    19 ||    48
         Ignite Poison     |       |       |    25 |    38 ||    63
         Olgreb's Toxic Ra |       |       |     2 |    38 ||    40
         Fireball          |       |       |       |    13 ||    13
  Evoke: Wand              |       |       |     9 |     3 ||    12
    Use: Scroll            |     1 |     1 |    10 |     3 ||    15
         Potion            |       |     1 |     3 |     1 ||     5
   Stab: Sleeping          |     2 |     3 |     2 |     3 ||    10
         Confused          |       |       |       |     1 ||     1
 Armour: Robe              |    36 |    21 |    42 |     9 ||   108
         Steam dragon scal |       |       |       |    11 ||    11
  Dodge: Dodged            |    53 |    54 |   129 |    86 ||   322
  Block: Buckler           |    13 |    11 |    43 |    16 ||    83
